 Dungeon Crawl Stone Soup version 0.31-a0-851-g7ff8af7976 (webtiles) character file.

Game seed: 6852961084719944284

100 avis the Ducker (level 4, 19/19 HPs)
             Began as a Felid Shapeshifter on Oct 6, 2023.
             Got out of the dungeon alive.
             The game lasted 00:09:10 (1740 turns).

avis the Ducker (Felid Shapeshifter)                Turns: 1740, Time: 00:09:10

Health: 19/19      AC:  1    Str: 12    XL:     4   Next: 47%
Magic:  5/5        EV: 19    Int: 11    God:
Gold:   74         SH:  0    Dex: 15    Spells: 3/3 levels left
                                        Lives:  1   Deaths: 1

rFire   . .          .
                       - Unarmed
rCold   . . .        (shield unavailable)
rNeg    . . .        (body armour unavailable)
rPois   .            (helmet unavailable)
rElec   .            (cloak unavailable)
rCorr   .            (gloves unavailable)
SInv    +            (boots unavailable)
Will    .....        (no amulet)
Stlth   +            (no ring)
HPRegen 0.23/turn    (no ring)
MPRegen 0.09/turn

%: no passive effects
@: beast-form, quick
A: beast (slay +2), very small, claws 1, fangs 3, see invisible, speed 1, shaggy
fur 1, stealthy paws, no weapons or thrown items, no armour, multi-lived
a: Begin Untransformation


You escaped.
You were a hulking beast.
You visited 1 branch of the dungeon, and saw 3 of its levels.

You collected 74 gold pieces.

Inventory:

Jewellery
 k - an amulet of faith
Talismans
 b - a beast talisman (active)
 c - a flux talisman
Scrolls
 d - 2 scrolls of poison {unknown}
 f - a scroll of teleportation {unknown}
 g - 2 scrolls of identify {unknown}
 h - a scroll of noise {unknown}
 j - a scroll of revelation {unknown}
 l - a scroll of fog {unknown}
Potions
 a - a potion of lignification
 e - a potion of heal wounds {unknown}
 i - a potion of curing {unknown}
 m - a potion of mutation {unknown}
 n - a potion of might {unknown}
 o - a potion of berserk rage {unknown}


   Skills:
 - Level 2.0 Fighting
 * Level 5.6 Dodging
 - Level 3.0 Unarmed Combat
 - Level 3.5 Shapeshifting


You had 3 spell levels left.
You didn't know any spells.
Your spell library was empty.

Dungeon Overview and Level Annotations

Branches:
Dungeon (3/15)

Altars:


Innate Abilities, Weirdness & Mutations

You are a hulking beast.
Your limbs bulge with bestial killing power. (Slay +2)
You have sharp claws.
You have razor-sharp teeth.
You have supernaturally acute eyesight. (SInv)
You cover ground quickly. (Speed+)
You are covered in fur. (AC +1)
Your paws help you pounce on unaware monsters.
You are incapable of wielding weapons or throwing items.
You cannot wear armour.
You gain extra lives every three experience levels.


Message History

The ball python's grasp on you weakens, but your attempt to escape fails.
The ball python barely misses you. The ball python constricts you.
* * * LOW HITPOINT WARNING * * *
The gnoll hits you from afar with a +0 spear.
You die...
Your shape twists and changes as you die.
The gnoll hits you from afar with a +0 halberd!
You rejoin the land of the living...
Something loses its grip on you.
You now have 74 gold pieces (gained 11).
A goblin comes into view. It is wielding a +0 club.
You see here a dark potion.
You claw the goblin!
You kill the goblin!
Things that are here:
a +0 club; a goblin corpse
m - an amethyst potion
n - a dark potion
o - a fuming brown potion The ball python hisses angrily.
You claw the ball python!
You kill the ball python!
The giant cockroach misses you.
You scratch the giant cockroach.
The giant cockroach is heavily wounded.
The giant cockroach closely misses you.
You claw the giant cockroach!
You kill the giant cockroach!
You see here a throwing net.
There is a stone staircase leading up, spattered with blood here.
You see here the felid corpse of avis.
You climb upwards.
There is a stone staircase leading down here.
You see here a +0 leather armour.
There is a stone staircase leading up, spattered with blood here.
You climb upwards.
There is a stone staircase leading down here.
You see here a +0 robe.
There is a staircase leading out of the dungeon here.
You have escaped!

#≈≈≈~...≈≈≈≈#
#≈≈~.....~~≈#
#≈~.......~≈#
#≈~.......~≈#
#~~.......≈~# #####
#≈...~≈....~# #...#
#~...~~~...~# #...#
#...~.~~~..~# #...#
#...~~~h~~..# ##...#
##..~≈≈~....# .....#
##.~~~≈~~~..# .....###
#..~.~~~.~~[# ##..(..#
#..~..~.~~..# .......#
#..~~.~.~...#
.......###...~~.~....#
.....................#
......##...#.........#


There were no monsters in sight!

Vanquished Creatures
  2 gnolls (D:2)
  An adder (D:2)
  A worm (D:2)
  2 dart slugs
  4 endoplasms
  2 giant cockroaches
  5 goblins
  11 hobgoblins
  6 jackals
  3 quokkas (D:1)
  2 ball pythons
  6 bats
  2 frilled lizards
  6 kobolds
  4 rats
57 creatures vanquished.

Notes
Turn   | Place    | Note
-------+----------+-------------------------------------------
     0 | D:1      | avis the Felid Shapeshifter began the quest for the Orb.
     0 | D:1      | Reached XP level 1. HP: 9/9 MP: 2/2
    37 | D:1      | Reached skill level 3 in Dodging
   216 | D:1      | Reached XP level 2. HP: 13/13 MP: 3/3
   517 | D:1      | Reached skill level 4 in Dodging
   700 | D:2      | Reached XP level 3. HP: 16/16 MP: 4/4
   950 | D:2      | Found a faded altar of an unknown god.
  1342 | D:2      | Reached skill level 5 in Dodging
  1342 | D:2      | Reached XP level 4. HP: 19/19 MP: 5/5
  1571 | D:3      | Slain by a gnoll
  1740 | D:$      | Got out of the dungeon alive.

Illustrated notes

Levels and vault maps discovered:
D:1:      dpeg_arrival_more_subterranean_lakeside_camping, layout_rooms,
          nicolae_figureground_pulse
D:2:      layout_rooms, ebering_ecumenical_altar_petrified
D:3:      layout_loops_cross, chequers_serial_rivers_room_b,
          amcnicky_mini_rare_corridor_liquid, uniq_crazy_yiuf_cottage

Skill      XL: |  1  2  3 |
---------------+----------+-----
Dodging        | 3 4 5 |  5.6
Fighting       | 2 |  2.0
Unarmed Combat | |  3.0
Shapeshifting  | |  3.5

Action                     |  1- 3 |  4- 6 || total
---------------------------+-------+-------++-------
  Melee: Unarmed           |    87 |    39 ||   126
         Bite              |     7 |       ||     7
         Punch             |     1 |     1 ||     2
   Stab: Sleeping          |     1 |       ||     1
 Armour: Skin              |    14 |    11 ||    25
  Dodge: Dodged            |    60 |    37 ||    97

Table legend: (Time is in decaauts)
 A = Elapsed time spent in this place.
 B = Non-inter-level travel time spent in this place.
 C = Inter-level travel time spent in this place.
 D = Time resting spent in this place.
 E = Time spent auto-exploring this place.
 F = Levels seen in this place.
 G = Mean time per level.
                   A        B        C        D        E       F      G
               +--------+--------+--------+--------+--------+-----+--------+
         Total |   1467 |   1238 |    229 |    181 |    571 |   3 |  489.0 |
       Dungeon |   1467 |   1238 |    229 |    181 |    571 |   3 |  489.0 |
               +--------+--------+--------+--------+--------+-----+--------+

Top non-repeatable levels by time:
     D:1: 671 daAuts
     D:2: 611 daAuts
     D:3: 184 daAuts
